 Dungeon Crawl Stone Soup version 0.30-a0-509-gd016549fea (webtiles) character file.

Game seed: 13757228854387804780

57 IdlyInterested the Slasher (level 3, -2/29 HPs)
             Began as a Demonspawn Fighter on Dec 22, 2022.
             Slain by an orc priest
             ... wielding a +0 whip
              (4 damage)
             ... on level 3 of the Dungeon.
             The game lasted 00:05:00 (1851 turns).

IdlyInterested the Slasher (Demonspawn Fighter)     Turns: 1851, Time: 00:05:00

Health: -2/29      AC: 11    Str: 16    XL:     3   Next: 73%
Magic:  3/3        EV:  6    Int:  9    God:
Gold:   96         SH:  4    Dex: 14    Spells: 2/2 levels left

rFire   + . .      SeeInvis .    a - +1 long sword
rCold   . . .      Faith    .    c - +0 buckler
rNeg    . . .      Spirit   .    m - +0 chain mail
rPois   +          Reflect  .    (no helmet)
rElec   .          Harm     .    e - +0 cloak
rCorr   .          Rampage  .    k - +0 pair of gloves
Will    .....                    (no boots)
Stlth   ..........               (no amulet)
HPRegen 0.24/turn                h - ring of protection from fire
MPRegen 0.08/turn                i - ring of poison resistance

@: no status effects
A: spiny 1
a: no special abilities


You were on level 3 of the Dungeon.
You visited 1 branch of the dungeon, and saw 3 of its levels.

You collected 96 gold pieces.

Inventory:

Hand Weapons
 a - a +1 long sword (weapon)
 n - a +0 short sword
Missiles
 f - 20 stones (quivered)
 p - 5 boomerangs of dispersal
Armour
 b - a +0 scale mail
 c - a +0 buckler (worn)
 e - a +0 cloak (worn)
 g - a +0 ring mail
 j - a +0 leather armour
 k - a +0 pair of gloves (worn)
 m - a +0 chain mail (worn)
Jewellery
 h - a ring of protection from fire (left hand)
 i - a ring of poison resistance (right hand)
Scrolls
 q - a scroll of amnesia
Potions
 d - 2 potions of might
 r - a potion of brilliance {unknown}


   Skills:
 - Level 3.0 Fighting
 * Level 3.1 Long Blades
 * Level 0.6 Throwing
 - Level 3.0 Armour
 - Level 1.0 Dodging
 - Level 2.6 Shields


You had 2 spell levels left.
You didn't know any spells.
Your spell library contained the following spells:

 Spells                   Type           Power      Damage    Failure   Level
 Blink                    Tloc           0%         N/A       100%        2
 Momentum Strike          Conj/Tloc      0%         3d8       100%        2
 Lesser Beckoning         Tloc           0%         N/A       100%        3


Dungeon Overview and Level Annotations

Branches:
Dungeon (3/15)

Altars:

Annotations:
D:3 3 runed translucent doors, Pokonic1's ghost, weakling MiMo


Innate Abilities, Weirdness & Mutations

You are partially covered in sharp spines.


Message History

The orc is lightly wounded.
The orc hits you but does no damage.
You barely miss the orc.
The orc is lightly wounded.
The orc priest calls upon Beogh to heal the orc.
The orc's wounds heal themselves!
You block the orc's attack.
The orc hits you from afar with a +0 trident.
You hit the orc.
The orc is almost dead.
The orc priest looks encouraged for a moment.
The orc hits you from afar with a +0 trident.
The orc is struck by your spines.
You kill the orc!
The orc priest invokes the aid of Beogh against you.
Beogh smites you!
Ouch! That really hurt!
* * * LOW HITPOINT WARNING * * *
Unknown command.
You are confused.
You feel invigorated.
The orc priest miscasts a cantrip.
The orc hits you from afar with a +0 trident.
* * * LOW HITPOINT WARNING * * *
You're too confused to move!
You feel less invigorated.
You feel less confused.
The orc priest calls down the wrath of Beogh upon you.
Beogh smites you!
* * * LOW HITPOINT WARNING * * *
The orc barely misses you. You block the orc's attack.
You block the orc priest's attack.
You hit the orc priest but do no damage.
The orc hits you but does no damage.
You hit the orc priest.
The orc priest is moderately wounded.
The orc priest hits you but does no damage.
You block the orc's attack.
You hit the orc priest.
The orc priest is heavily wounded.
The orc priest hits you with a +0 whip.
You die...

########## ######.oo.....#
.. #......@o.....+
...####.####.o......# .
..........##........# ..
..........##########. ...
.#..>...)........### ....
#.................# ....#
#.................#.....o
#................<..##+++
.................#####WKK.


You could see 3 orc priests and an orc.

Vanquished Creatures
  An adder (D:2)
  2 worms (D:2)
  A dart slug (D:1)
  An orc (D:3)
  2 bats
  2 endoplasms
  A giant cockroach (D:1)
  3 goblins
  6 hobgoblins
  2 quokkas (D:2)
  6 ball pythons
  A frilled lizard (D:1)
  2 kobolds
  8 rats
38 creatures vanquished.

Notes
Turn   | Place    | Note
-------+----------+-------------------------------------------
     0 | D:1      | IdlyInterested the Demonspawn Fighter began the quest for
                  | the Orb.
     0 | D:1      | Reached XP level 1. HP: 18/18 MP: 1/1
   261 | D:1      | Gained mutation: You are partially covered in sharp spines.
                  | [demonic ancestry]
   261 | D:1      | Reached XP level 2. HP: 23/24 MP: 2/2
   340 | D:1      | Found a faded altar of an unknown god.
   814 | D:2      | Reached skill level 1 in Dodging
   957 | D:2      | Reached XP level 3. HP: 23/29 MP: 3/3
  1657 | D:3      | Found a runed translucent gate.
  1657 | D:3      | Found a runed translucent gate.
  1657 | D:3      | Found a runed translucent gate.
  1658 | D:3      | Noticed Pokonic1's ghost (weakling MiMo)
  1660 | D:3      | Noticed a kobold brigand
  1844 | D:3      | HP: 1/29 [orc priest/divine providence (17)]
  1851 | D:3      | Slain by an orc priest

Illustrated notes

Levels and vault maps discovered:
D:1:      minmay_arrival_glassed_features, layout_basic,
          dreamdust_ecumenical_altar_hidden_monk_grotto
D:2:      layout_loops_ring, minmay_quadrilaterals
D:3:      layout_basic, gammafunk_ghost_nasty_kobolds,
          kennysheep_generic_room_10

Skill      XL: |  1  2  3 |
---------------+----------+-----
Long Blades    | 2 3 |  3.1
Armour         | 3 |  3.0
Dodging        | 1 |  1.0
Fighting       | |  3.0
Throwing       | |  0.6
Shields        | |  2.6

Action                   || total
-------------------------++-------
Melee: Long sword        ||    75
  Use: Scroll            ||     8
       Potion            ||     2
Armor: Scale mail        ||    27
       Chain mail        ||     9
Dodge: Dodged            ||    21
Block: Buckler           ||    19

Table legend: (Time is in decaauts)
 A = Elapsed time spent in this place.
 B = Non-inter-level travel time spent in this place.
 C = Inter-level travel time spent in this place.
 D = Time resting spent in this place.
 E = Time spent auto-exploring this place.
 F = Levels seen in this place.
 G = Mean time per level.
                   A        B        C        D        E       F      G
               +--------+--------+--------+--------+--------+-----+--------+
         Total |   1875 |   1526 |    349 |    102 |   1003 |   3 |  625.0 |
       Dungeon |   1875 |   1526 |    349 |    102 |   1003 |   3 |  625.0 |
               +--------+--------+--------+--------+--------+-----+--------+

Top non-repeatable levels by time:
     D:2: 1010 daAuts
     D:1: 828 daAuts
     D:3: 36 daAuts
